 Dungeon Crawl Stone Soup version 0.22.0-32-gbc6daba (webtiles) character file.

1576 HEYYEYAAE the Spear-Bearer (level 8, 0/66 HPs)
             Began as a Demigod Gladiator on Aug 23, 2018.
             Succumbed to a killer bee's poison
             ... on level 8 of the Dungeon.
             The game lasted 00:07:09 (4021 turns).

HEYYEYAAE the Spear-Bearer (Demigod Gladiator)      Turns: 4021, Time: 00:07:10

Health: 0/66       AC:  7    Str: 19    XL:     8   Next: 34%
Magic:  11/11      EV: 11    Int: 12    God:
Gold:   273        SH:  0    Dex: 17    Spells: 7/7 levels left

rFire    . . .     SeeInvis .   b - +9 quarterstaff "Koynt" {vamp, *Slow +Inv rC+++ Str-2}
rCold    + + +     Gourm    .   (shield currently unavailable)
rNeg     . . .     Faith    .   g - +0 scale mail
rPois    .         Spirit   .   c - +0 helmet
rElec    .         Reflect  .   (no cloak)
rCorr    .         Harm     .   (no gloves)
MR       .....                  (no boots)
Stlth    ..........             (no amulet)
HPRegen  0.21/turn              l - ring of attention (curse)
MPRegen  0.12/turn              (no ring)

@: lethally poisoned (0 -> -8), about to teleport, hasted, very quick
A: high mp 1
a: Evoke Invisibility


You were on level 8 of the Dungeon.
You were not hungry.

You visited 1 branch of the dungeon, and saw 6 of its levels.
You also visited: Sewer.

You collected 273 gold pieces.

Inventory:

Hand Weapons
 b - the +9 quarterstaff "Koynt" (weapon) {vamp, *Slow +Inv rC+++ Str-2}
   (You found it on level 5 of the Dungeon)

   It inflicts no extra harm, but heals its wielder when it wounds a living foe.
   It affects your strength (-2).
   It renders you almost immune to cold.
   It lets you turn invisible.
   It may slow you when you take damage.
 e - a +1 scythe of slicing
Missiles
 d - 3 throwing nets (quivered)
Armour
 c - a +0 helmet (worn)
 g - a +0 scale mail (worn)
Jewellery
 l - a cursed ring of attention (left hand)
Wands
 i - a wand of iceblast (14)
 p - a wand of flame (15)
Scrolls
 n - 2 scrolls of amnesia
 o - 2 scrolls of fear {unknown}
 r - a scroll of fog {unknown}
 s - a scroll of magic mapping {unknown}
Potions
 j - a potion of flight {unknown}
 k - 2 potions of haste
 q - a potion of brilliance {unknown}
 u - 2 potions of ambrosia {unknown}
Comestibles
 f - 2 rations


   Skills:
 + Level 3.8 Fighting
 * Level 9.5 Polearms
 - Level 1.7 Throwing
 - Level 2.6 Dodging
 - Level 1.3 Stealth
 + Level 1.1 Evocations


You had 7 spell levels left.
You didn't know any spells.
Your spell library contained the following spells:

 Spells                   Type           Power        Failure   Level  Hunger
 Magic Dart               Conj           #...         71%         1    ##.....
 Blink                    Tloc           N/A          85%         2    ###....
 Call Imp                 Summ           #.......     85%         2    ###....
 Slow                     Hex            #.......     85%         2    ###....
 Conjure Flame            Conj/Fire      #.......     97%         3    ####...
 Mephitic Cloud           Conj/Pois/Air  #.......     97%         3    ####...


Dungeon Overview and Level Annotations

Branches:
Dungeon (5/15)
 Temple: D:4-7

Shops:
D:5 %

Annotations:
D:3 1 runed door, removed's ghost, amateur VSFE


Innate Abilities, Weirdness & Mutations

You have an increased reservoir of magic. (+10% MP)


Message History

The killer bee stings you.
* * * LOW HITPOINT WARNING * * *
You are poisoned.
The killer bee poisons you!
The killer bee stings you but does no damage.
The phantom blinks!
Okay, then.
You feel sick.
The bullfrog croaks.
The centaur wields a shortbow.
The centaur shoots an arrow.
The arrow hits you!
* * * LOW HITPOINT WARNING * * *
You see here an arrow.
The killer bee buzzes angrily.
The orc wizard shouts!
The killer bee barely misses you.
The bullfrog releases a deep croak.
The killer bee barely misses you. The killer bee stings you.
* * * LOW HITPOINT WARNING * * *
You are more poisoned.
The killer bee poisons you!
You die...

# ## .. ##### # ... .#
....# ..#. .# .o.$# ## #
#... .# ..o.#..#.##.#.#.
.#
##z....z........#.######
##z##z...........(......
##z# ...# ###@### ##.#
./.. ##....(## # ##.#
...W#...yyy.#.#
##(####..#o.#F..o...#y#
...........o...._c....
###.###.o...#.!.....#..
.# ...oo.#.......#....
.# ##... ##)..y.## .c.
.. o.....####.####....


You could see a bullfrog, 2 centaurs, 4 killer bees, an orc priest, an orc
wizard and 2 orcs.

Vanquished Creatures
  Pikel (D:4)
  Sigmund (D:4)
  An ice beast (D:5)
  Purgy (Sewer)
  2 ogres (D:4)
  A scorpion (D:8)
  5 killer bees (D:4)
  A bullfrog skeleton (D:4)
  A hound (D:4)
  Ijyb (D:4)
  2 worker ants (D:4)
  Terence (D:3)
  A worker ant zombie (D:5)
  6 adders
  A shadow imp (D:5)
  2 worms
  2 dart slugs (D:1)
  5 leopard geckos
  8 orcs
  8 giant cockroaches
  7 goblins
  7 hobgoblins
  14 jackals
  9 kobolds
  A quokka (D:2)
  5 ball pythons
  5 bats
  9 frilled lizards
  5 rats
113 creatures vanquished.

Notes
Turn   | Place    | Note
-------+----------+-------------------------------------------
     0 | D:1      | HEYYEYAAE the Demigod Gladiator began the quest for the Orb.
     0 | D:1      | Reached XP level 1. HP: 17/17 MP: 3/3
    35 | D:1      | Reached skill level 3 in Polearms
   289 | D:1      | Reached XP level 2. HP: 23/24 MP: 4/4
   688 | D:2      | Reached XP level 3. HP: 22/29 MP: 5/5
   732 | D:2      | Reached skill level 4 in Polearms
   837 | D:2      | Found a shattered altar of Ashenzari.
   943 | D:2      | Reached XP level 4. HP: 23/36 MP: 6/6
  1156 | D:3      | Found a runed door.
  1156 | D:3      | Noticed removed's ghost (amateur VSFE)
  1171 | D:3      | Noticed Terence
  1181 | D:3      | Killed Terence
  1443 | D:3      | Reached skill level 5 in Polearms
  1669 | D:3      | Found a white marble altar of Elyvilon.
  2002 | D:4      | Noticed Pikel
  2002 | D:4      | Noticed a slave
  2002 | D:4      | Noticed a slave
  2002 | D:4      | Noticed a slave
  2003 | D:4      | Noticed a slave
  2047 | D:4      | Reached XP level 5. HP: 20/41 MP: 7/7
  2128 | D:4      | Noticed Sigmund
  2140 | D:4      | Killed Sigmund
  2140 | D:4      | Reached skill level 6 in Polearms
  2140 | D:4      | Reached XP level 6. HP: 14/50 MP: 8/8
  2167 | D:4      | Noticed Ijyb
  2200 | D:4      | Killed Ijyb
  2384 | D:4      | Found a glowing drain.
  2396 | Sewer    | Entered a sewer
  2526 | Sewer    | Noticed Purgy
  2530 | Sewer    | Killed Purgy
  2530 | Sewer    | Reached skill level 7 in Polearms
  3055 | D:4      | Reached XP level 7. HP: 51/56 MP: 9/9
  3372 | D:4      | Found a shadowy altar of Dithmenos.
  3518 | D:4      | Killed Pikel
  3518 | D:4      | Reached skill level 9 in Polearms
  3518 | D:4      | Reached skill level 1 in Stealth
  3518 | D:4      | Reached skill level 1 in Evocations
  3518 | D:4      | Reached XP level 8. HP: 36/63 MP: 11/11
  3870 | D:5      | Entered Level 5 of the Dungeon
  3894 | D:5      | Got a fine quarterstaff
  3923 | D:5      | Identified the +9 quarterstaff "Koynt" {vamp, *Slow +Inv rC+++ Str-2} (You found it on level 5 of the Dungeon)
  3946 | D:5      | Found a shimmering altar of Xom.
  3946 | D:5      | Found a shimmering altar of Xom.
  3947 | D:5      | Found a shimmering altar of Xom.
  3947 | D:5      | Found a shimmering altar of Xom.
  3950 | D:5      | Found a shimmering altar of Xom.
  3954 | D:5      | Found Faxkefu's Food Emporium.
  3967 | D:5      | You fall through a shaft for 3 floors!
  4010 | D:8      | Found a sacrificial altar of Ru.
  4015 | D:8      | HP: 3/66 [killer bee (4)]
  4015 | D:8      | HP: 1/66 [orc/poisoned tomahawk (2)]
  4020 | D:8      | HP: 1/66 [killer bee (1)]
  4021 | D:8      | Succumbed to a killer bee's poison

Skill      XL: |  1  2  3  4  5  6  7 |
---------------+----------------------+-----
Polearms       | 3 4 5 6 7 9 |  9.5
Fighting       | 2 3 |  3.8
Stealth        | 1 |  1.3
Evocations     | 1 |  1.1
Throwing       | |  1.7
Dodging        | |  2.6

Action                   |  1- 3 |  4- 6 |  7- 9 || total
-------------------------+-------+-------+-------++-------
Melee: Trident           |   138 |   105 |       ||   243
       Scythe            |       |    71 |    48 ||   119
       Quarterstaff      |       |       |    10 ||    10
Evoke: Wand              |       |     6 |     7 ||    13
  Use: Scroll            |       |     8 |     5 ||    13
       Potion            |       |     4 |     4 ||     8
 Stab: Sleeping          |     1 |       |       ||     1
  Eat: Chunk             |       |     2 |       ||     2
       Ration            |       |     2 |     2 ||     4
Armor: Leather armour    |    36 |    48 |     2 ||    86
       Skin              |       |    18 |     4 ||    22
       Scale mail        |       |       |    22 ||    22
Dodge: Dodged            |   110 |   161 |    35 ||   306
